 Dungeon Crawl Stone Soup version 0.26.1-2-gb8aa6d0 (webtiles) character file.

Game seed: 4376856368349384458

86 Endbringerleviathan the Chucker (level 4, 0/33 HPs)
             Began as a Human Hunter on July 13, 2021.
             Slain by an orc
             ... wielding a +0 flail
              (8 damage)
             ... on level 3 of the Dungeon.
             The game lasted 00:03:22 (1805 turns).

Endbringerleviathan the Chucker (Human Hunter)      Turns: 1805, Time: 00:03:22

Health: 0/33       AC:  4    Str: 13    XL:     4   Next: 78%
Magic:  4/4        EV: 12    Int: 11    God:
Gold:   70         SH:  0    Dex: 14    Spells: 3/3 levels left

rFire    . . .     SeeInvis .   a - +0 short sword
rCold    . . .     Faith    .   (no shield)
rNeg     . . .     Spirit   .   b - +0 leather armour
rPois    .         Reflect  .   (no helmet)
rElec    .         Harm     .   (no cloak)
rCorr    .         Rampage  .   n - +0 pair of gloves
Will     .....                  (no boots)
Stlth    +.........             (no amulet)
HPRegen  0.11/turn              (no ring)
MPRegen  0.09/turn              (no ring)

@: no status effects
A: no striking features
a: no special abilities


You were on level 3 of the Dungeon.
You visited 1 branch of the dungeon, and saw 3 of its levels.

You collected 70 gold pieces.

Inventory:

Hand Weapons
 a - a +0 short sword (weapon)
 g - a +0 dagger
Missiles
 d - a throwing net (quivered)
Armour
 b - a +0 leather armour (worn)
 n - a +0 pair of gloves (worn)
Scrolls
 c - a scroll of magic mapping {unknown}
 h - a scroll of random uselessness {unknown}
 j - a scroll of identify {unknown}
 k - a scroll of fog {unknown}
 l - a scroll of teleportation {unknown}
 m - a scroll of amnesia {unknown}
Potions
 f - 2 potions of degeneration {unknown}
 i - a potion of flight {unknown}


   Skills:
 + Level 2.1 Fighting
 + Level 1.7 Short Blades
 + Level 4.8 Throwing
 + Level 1.2 Armour
 + Level 2.3 Dodging
 + Level 1.1 Stealth


You had 3 spell levels left.
You didn't know any spells.
Your spell library was empty.

Dungeon Overview and Level Annotations

Branches:
Dungeon (3/15)

Altars:

Annotations:
D:2 Sigmund


Message History

You hit the orc wizard.
The orc wizard is severely wounded.
The orc wizard struggles against the net.
You catch the helpless orc wizard completely off-guard!
You puncture the orc wizard!
You kill the orc wizard!
Your Armour skill increases to level 1!
You hit the orc.
The orc is severely wounded.
The orc barely misses you.
You barely miss the orc.
The orc is severely wounded.
The orc closely misses you.
You hit the orc.
The orc is almost dead.
The orc hits you but does no damage.
You hit the orc.
You kill the orc!
You barely miss the orc. The orc hits you with a +0 flail!
You die...

## !. o# .##
.. .#
#######.####..
#...@o<...(...
#.#####..#.#..
#. ....# #.
.)### #. #..
..


o.o .. ..() .# ...## You could see an orc.

Vanquished Creatures
  An orc wizard (D:3)
  An adder (D:2)
  An ooze (D:1)
  4 dart slugs (D:1)
  3 orcs (D:3)
  4 bats
  4 giant cockroaches
  4 goblins (D:1)
  4 hobgoblins (D:1)
  2 frilled lizards (D:1)
  3 kobolds
  5 rats (D:1)
36 creatures vanquished.

Vanquished Creatures (others)
  A bat (D:2)
  A kobold (D:2)
2 creatures vanquished.

Grand Total: 38 creatures vanquished

Notes
Turn   | Place    | Note
-------+----------+-------------------------------------------
     0 | D:1      | Endbringerleviathan the Human Hunter began the quest for
                  | the Orb.
     0 | D:1      | Reached XP level 1. HP: 16/16 MP: 1/1
    33 | D:1      | You fall into a shaft and drop 1 floor!
    34 | D:2      | Noticed Sigmund
    61 | D:1      | Reached XP level 2. HP: 11/22 MP: 2/2
   734 | D:1      | Reached XP level 3. HP: 27/27 MP: 3/3
   997 | D:2      | Reached skill level 1 in Short Blades
  1377 | D:1      | Reached XP level 4. HP: 33/33 MP: 4/4
  1801 | D:3      | Reached skill level 1 in Armour
  1805 | D:3      | Slain by an orc

Illustrated notes

Levels and vault maps discovered:
D:1:      giann_horns, layout_loops_corners, bh_walls_and_bars
D:2:      layout_rooms, nicolae_overflow_crystal_walls, fiery_altar_vehumet,
          uniq_sigmund
D:3:      layout_loops_ring, minmay_curled_crystal

Skill      XL: |  1  2  3  4 |
---------------+-------------+-----
Short Blades   | 1 |  1.7
Armour         | 1 |  1.2
Fighting       | |  2.1
Throwing       | |  4.8
Dodging        | |  2.3
Stealth        | |  1.1

Action                   |  1- 3 |  4- 6 || total
-------------------------+-------+-------++-------
Melee: Short sword       |    85 |    35 ||   120
Throw: Javelin           |    16 |     4 ||    20
       Throwing net      |     2 |     1 ||     3
  Use: Scroll            |     1 |       ||     1
 Stab: Held in net/web   |     1 |     2 ||     3
Armor: Leather armour    |    29 |    12 ||    41
Dodge: Dodged            |    59 |    28 ||    87
